[Event "Titled Tuesday Blitz June 27 Late 2023"]
[White "Sjugirov, Sanan"]
[Black "Carlsen, Magnus"]
[WhiteFideId "4189302"]
[BlackFideId "1503014"]
[WhiteElo "2955"]
[BlackElo "3298"]
[Result "0-1"]
[Round "6"]
[TimeControl "180+2"]
[Date "2023.06.27"]
[WhiteClock "0:00:00"]
[BlackClock "0:02:40"]
[Board "1"]

1. d4 Nf6 2. c4 e6 3. Nc3 Bb4 4. e3 O-O 5. Ne2 Re8 6. Ng3 d5 7. Be2 dxc4 8. Bxc4 c5 9. O-O cxd4 10. exd4 Nc6 11. Be3 Bd6 12. Rc1 Nd5 0-1


[Site "https://www.chess.com"]

[Event "Titled Tuesday Blitz June 27 Late 2023"]
[White "Chigaev, Maksim"]
[Black "Nakamura, Hikaru"]
[WhiteFideId "4108116"]
[BlackFideId "2016192"]
[WhiteElo "2925"]
[BlackElo "3219"]
[Result "0-1"]
[Round "6"]
[TimeControl "180+2"]
[Date "2023.06.27"]
[WhiteClock "0:00:06"]
[BlackClock "0:01:05"]
[Board "2"]

1. e4 c6 2. d4 d5 3. e5 Bf5 4. h4 h5 5. Bg5 Qb6 6. Bd3 Bxd3 7. Qxd3 Qa6 8. e6 Qxd3 9. exf7+ Kxf7 10. cxd3 e6 11. Nd2 Nh6 12. Ndf3 Nd7 13. Ne2 Nf5 14. g3 Re8 15. Bf4 Be7 16. Kd2 Bf6 17. b4 e5 18. dxe5 Nxe5 19. Nxe5+ Bxe5 20. Rab1 Bf6 21. Rhc1 Re7 22. b5 cxb5 23. Rc5 a6 24. Nc3 Rd7 25. Nxd5 Bd4 26. Nb6 Bxc5 27. Nxd7 Bxf2 28. Rf1 Bd4 29. Be5 Be3+ 30. Ke2 Ke6 31. Ba1 Nxg3+ 0-1


[Site "https://www.chess.com"]

[Event "Titled Tuesday Blitz June 27 Late 2023"]
[White "Bortnyk, Olexandr"]
[Black "Tiglon, Bryce"]
[WhiteFideId "14120828"]
[BlackFideId "2087456"]
[WhiteElo "2995"]
[BlackElo "2815"]
[Result "1-0"]
[Round "6"]
[TimeControl "180+2"]
[Date "2023.06.27"]
[WhiteClock "0:01:07"]
[BlackClock "0:00:04"]
[Board "3"]

1. e4 g6 2. d4 Bg7 3. Nc3 d6 4. Be3 b6 5. Bc4 e6 6. f4 Bb7 7. Bb3 Nf6 8. Qd3 Ng4 9. Nf3 Nxe3 10. Qxe3 Qe7 11. O-O-O Nd7 12. h4 O-O-O 13. h5 Nf6 14. e5 dxe5 15. Nxe5 gxh5 16. Nxf7 Rhe8 17. Nxd8 Qxd8 18. Bxe6+ Kb8 19. d5 Ng4 20. Qg3 Bxc3 21. bxc3 Qd6 22. Rxh5 Nf6 23. Re5 Qa3+ 24. Kb1 Ba6 25. Rd4 Qc5 26. d6 Qc6 27. d7 Rd8 28. Qg5 Rxd7 29. Bxd7 Nxd7 30. Qd8+ Bc8 31. Rxd7 Qxc3 32. Qxc7+ Qxc7 33. Rxc7 Kxc7 34. Re7+ Kd6 35. Rxa7 Bf5 36. Kb2 Be4 37. g4 Bf3 38. Rxh7 Bxg4 39. c4 Bf5 40. Rh6+ Kc7 41. Kc3 Bb1 42. a3 Be4 43. Kd4 Bc2 44. c5 1-0


[Site "https://www.chess.com"]

[Event "Titled Tuesday Blitz June 27 Late 2023"]
[White "Firouzja, Alireza"]
[Black "Sargsyan, Shant"]
[WhiteFideId "12573981"]
[BlackFideId "13306766"]
[WhiteElo "3118"]
[BlackElo "3005"]
[Result "0-1"]
[Round "6"]
[TimeControl "180+2"]
[Date "2023.06.27"]
[WhiteClock "0:00:00"]
[BlackClock "0:00:08"]
[Board "4"]

1. d4 Nf6 2. Bg5 d5 3. e3 Ne4 4. Bf4 f6 5. f3 Nd6 6. Nc3 c6 7. e4 e6 8. Bd3 Qb6 9. Nge2 Nf7 10. O-O Be7 11. Be3 O-O 12. f4 f5 13. e5 Qc7 14. g4 fxg4 15. f5 exf5 16. Bxf5 Bxf5 17. Rxf5 Nd7 18. e6 Nd6 19. Rxf8+ Nxf8 20. Nf4 Nf5 21. Bd2 Qb6 22. Qxg4 Qxd4+ 23. Kh1 Nh6 24. Qg2 Ng6 25. Nxg6 hxg6 26. Bxh6 gxh6 27. Qxg6+ Qg7 28. Qh5 Bc5 29. Ne2 Rf8 30. Ng3 Qg5 31. Re1 Be3 32. e7 Qxe7 33. Qg6+ Kh8 34. c3 c5 35. Qxh6+ Bxh6 36. Rxe7 d4 37. cxd4 cxd4 38. Rd7 Rf2 39. b4 Rxa2 40. Rxd4 Rb2 41. Rh4 Kg7 42. Nf5+ Kg6 43. Nxh6 Kg5 44. Rh3 Rb1+ 45. Kg2 Rb2+ 46. Kf1 Rxb4 47. Nf7+ Kg4 48. Rg3+ Kf4 49. Nh6 Rb1+ 50. Kg2 Rb2+ 51. Kh3 a5 52. Rg4+ Kf3 53. Nf5 Rxh2+ 54. Kxh2 Kxg4 55. Nd4 a4 56. Kg2 Kf4 57. Kf2 Ke4 58. Nb5 Kd3 59. Ke1 Kc4 60. Nd6+ Kb3 61. Nxb7 a3 62. Nc5+ Kc2 63. Na6 Kc3 64. Kd1 a2 0-1


[Site "https://www.chess.com"]

[Event "Titled Tuesday Blitz June 27 Late 2023"]
[White "Martinez Alcantara, Jose Eduardo"]
[Black "Bluebaum, Matthias"]
[WhiteFideId "3805662"]
[BlackFideId "24651516"]
[WhiteElo "3008"]
[BlackElo "3069"]
[Result "1-0"]
[Round "6"]
[TimeControl "180+2"]
[Date "2023.06.27"]
[WhiteClock "0:00:41"]
[BlackClock "0:00:35"]
[Board "5"]

1. e4 e6 2. d4 d5 3. Nd2 c5 4. Ngf3 Nf6 5. exd5 Nxd5 6. c3 cxd4 7. Nxd4 Bc5 8. N2b3 Bd6 9. Bd3 O-O 10. O-O h6 11. Re1 a6 12. Be4 Nf6 13. Bc2 Qc7 14. h3 b5 15. a4 b4 16. cxb4 Bxb4 17. Bd2 Bxd2 18. Qxd2 Bb7 19. Rac1 Qd6 20. Na5 Bd5 21. Bb1 Nbd7 22. Ndc6 Rfc8 23. b4 Rc7 24. b5 axb5 25. axb5 Nb6 26. Qd4 Nfd7 27. Qd3 Nf6 28. Qd4 Nfd7 29. Rc3 e5 30. Qd2 Qe6 31. Ne7+ Qxe7 32. Rxc7 Qd6 33. Rcc1 g6 34. Nc6 Kg7 35. Red1 Qe6 36. Qe3 Ra4 37. Re1 Qd6 38. Nxe5 Nf6 39. Qc3 Ra3 40. Qc7 Qb4 41. Qxb6 Qf4 42. Rcd1 Ba8 43. Qd4 Qg5 44. Nc6 h5 45. Re3 Qxb5 46. Rxa3 Qxc6 47. Rf3 g5 48. Qxf6+ Qxf6 49. Rxf6 Kxf6 50. Bd3 Bd5 51. Be2 Be6 52. Bxh5 Ke7 53. Bg4 f5 54. Be2 Kf6 55. Re1 f4 56. f3 Bf7 57. Kf2 Bg6 58. Rd1 Bf7 59. Rd6+ Ke5 60. Ra6 Be8 61. Ra5+ Kf6 62. Bd3 Bd7 63. Rd5 Be6 64. Rd6 Ke5 65. Rxe6+ Kxe6 66. Bc2 Ke5 67. Ke2 Kd4 68. Kd2 Kc4 69. Bb1 Kd4 70. Ba2 Kc5 71. Kd3 Kb4 72. Ke4 Kc3 73. Kf5 Kd2 74. Kxg5 Ke3 75. Kg4 Kf2 76. Kxf4 Kg1 77. h4 Kh2 78. h5 Kh1 79. h6 Kg1 80. h7 Kh2 81. g4 Kh1 82. g5 Kg1 83. g6 Kg2 84. g7 Kf1 85. Kg5 Kf2 86. f4 Ke1 87. f5 Ke2 88. f6 Kd1 89. f7 Kd2 90. Be6 Kc1 91. Bf5 Kd2 92. Bg6 Kd1 93. g8=Q Ke2 94. h8=Q Ke1 95. f8=Q Ke2 96. Qh2+ Kd1 97. Qf1# 1-0


[Site "https://www.chess.com"]

[Event "Titled Tuesday Blitz June 27 Late 2023"]
[White "Hakobyan, Aram"]
[Black "Mikaelyan, Arman"]
[WhiteFideId "13306677"]
[BlackFideId "13304852"]
[WhiteElo "3028"]
[BlackElo "2892"]
[Result "0-1"]
[Round "6"]
[TimeControl "180+2"]
[Date "2023.06.27"]
[WhiteClock "0:00:11"]
[BlackClock "0:00:11"]
[Board "6"]

1. d4 d5 2. c4 c6 3. cxd5 cxd5 4. Bf4 Nf6 5. e3 Nc6 6. Bd3 g6 7. Nc3 Bg7 8. Nge2 O-O 9. O-O Bf5 10. Bxf5 gxf5 11. Qb3 Qd7 12. Rac1 e6 13. Ng3 Rfc8 14. Nb5 Na5 15. Qd3 Nc4 16. Nc7 Rab8 17. b3 Nd6 18. Bxd6 Qxd6 19. Nb5 Qa6 20. a4 Bf8 21. f3 Bh6 22. Rce1 Qb6 23. e4 a6 24. Na3 Qb4 25. Nb1 f4 26. Ne2 Rc6 27. e5 Ne8 28. g3 Ng7 29. gxf4 Rbc8 30. Kh1 Kh8 31. Rg1 Rc2 32. Rd1 Nf5 33. Rg2 Rb2 34. Rdg1 Qxb3 35. Nbc3 Rc2 36. Ng3 Qxc3 37. Nxf5 Qxd3 38. Nxh6 Rxg2 39. Kxg2 Qg6+ 40. Ng4 h5 41. h3 hxg4 42. hxg4 Rc2+ 43. Kg3 Qd3 44. Rh1+ Kg7 45. Rh3 Qxd4 46. g5 Qf2+ 0-1


[Site "https://www.chess.com"]

[Event "Titled Tuesday Blitz June 27 Late 2023"]
[White "Santos Ruiz, Miguel"]
[Black "Indjic, Aleksandar"]
[WhiteFideId "22291482"]
[BlackFideId "911925"]
[WhiteElo "2782"]
[BlackElo "2961"]
[Result "0-1"]
[Round "6"]
[TimeControl "180+2"]
[Date "2023.06.27"]
[WhiteClock "0:00:03"]
[BlackClock "0:00:48"]
[Board "7"]

1. e4 e5 2. Nf3 Nc6 3. Bc4 Nf6 4. d3 h6 5. a4 d6 6. c3 g6 7. a5 a6 8. Qb3 Qe7 9. Nbd2 Bg7 10. O-O O-O 11. Re1 Rb8 12. Nf1 Be6 13. Bxe6 fxe6 14. h3 Nh5 15. N1h2 Kh7 16. Bd2 Rf7 17. Re3 Nf4 18. h4 Nh5 19. g3 Nf6 20. Kg2 Nd7 21. Qc2 Rbf8 22. Rf1 d5 23. b4 d4 24. Ree1 dxc3 25. Bxc3 Qd6 26. Qb2 Qxd3 27. Re3 Qb5 28. Rd1 b6 29. Qe2 bxa5 30. bxa5 Nc5 31. Qxb5 axb5 32. Rc1 Nb3 33. Rb1 Nbd4 34. a6 b4 35. Bxb4 Rb8 36. a7 Nxa7 37. Ra1 Nc2 38. Rxa7 Nxe3+ 39. fxe3 Rxb4 40. Ra2 Rxe4 41. Rc2 Rxe3 42. Ng1 h5 43. Nhf3 Bh6 44. Rc6 Re7 45. Nh3 Kg7 46. Nhg5 Bxg5 47. Nxg5 Kf6 48. Rc2 e4 49. Kf2 Rd3 50. Nxe4+ Kf5 51. Ng5 e5 52. Ra2 Red7 53. Ra8 Rd2+ 54. Ke1 Kg4 55. Ne4 Rd8 56. Ra4 R2d4 0-1


[Site "https://www.chess.com"]

[Event "Titled Tuesday Blitz June 27 Late 2023"]
[White "Horvath, Dominik"]
[Black "Nihal Sarin"]
[WhiteFideId "1642561"]
[BlackFideId "25092340"]
[WhiteElo "2890"]
[BlackElo "3114"]
[Result "1-0"]
[Round "6"]
[TimeControl "180+2"]
[Date "2023.06.27"]
[WhiteClock "0:00:38"]
[BlackClock "0:00:08"]
[Board "8"]

1. f4 d5 2. e3 Nf6 3. g3 Bg4 4. Nf3 Nc6 5. Bg2 e5 6. fxe5 Nxe5 7. O-O h5 8. d4 Nxf3+ 9. Bxf3 Qd7 10. Bxg4 hxg4 11. c4 dxc4 12. Qe2 O-O-O 13. Qxc4 Bd6 14. Nc3 Rh3 15. e4 Rdh8 16. e5 Rxh2 17. exd6 Qxd6 18. Bf4 Qb6 19. Rfe1 c6 20. b4 Qd8 21. b5 Nd5 22. Nxd5 Qxd5 23. Qxd5 cxd5 24. Re8+ Rxe8 25. Kxh2 Re2+ 26. Kg1 Kd7 27. a4 f6 28. Rc1 g5 29. Bb8 a5 30. Rc7+ Ke6 31. Rxb7 Ra2 32. Ra7 Rxa4 33. b6 Rb4 34. b7 Kd7 35. Bf4 1-0


[Site "https://www.chess.com"]

[Event "Titled Tuesday Blitz June 27 Late 2023"]
[White "Harshavardhan G B"]
[Black "Naroditsky, Daniel"]
[WhiteFideId "25059009"]
[BlackFideId "2026961"]
[WhiteElo "2814"]
[BlackElo "3095"]
[Result "0-1"]
[Round "6"]
[TimeControl "180+2"]
[Date "2023.06.27"]
[WhiteClock "0:00:25"]
[BlackClock "0:00:07"]
[Board "9"]

1. d4 Nf6 2. c4 g6 3. Nc3 Bg7 4. e4 d6 5. Nf3 O-O 6. Be2 e5 7. d5 a5 8. Bg5 Qe8 9. Nd2 Na6 10. g4 Nd7 11. h4 Ndc5 12. h5 f5 13. gxf5 gxf5 14. h6 Bf6 15. Bxf6 Rxf6 16. Nf1 Qf8 17. Qd2 f4 18. O-O-O Rxh6 19. Nh2 Kh8 20. Rdg1 Bd7 21. Qd1 Qf7 22. Bg4 Nb4 23. Kb1 Nbd3 24. Qe2 f3 25. Qe3 Qf4 26. Qxf4 exf4 27. Nd1 Nxe4 28. Bxd7 Ndxf2 29. Bf5 Nxh1 30. Ng4 f2 31. Rf1 Nd2+ 32. Kc1 Nxf1 33. Nxh6 Ne3 34. Bd3 Nxd1 35. Kxd1 Re8 36. Ng4 Re1+ 37. Kd2 f1=Q 38. Bxf1 Rxf1 39. Nf6 f3 40. Ne8 f2 41. Nxc7 Re1 42. Nb5 f1=Q 43. Nxd6 Qe2+ 44. Kc3 Qe3+ 45. Kc2 Rc1# 0-1


[Site "https://www.chess.com"]

[Event "Titled Tuesday Blitz June 27 Late 2023"]
[White "Pranesh M"]
[Black "Bazeev, German"]
[WhiteFideId "35028600"]
[BlackFideId "24119350"]
[WhiteElo "3024"]
[BlackElo "2812"]
[Result "1-0"]
[Round "6"]
[TimeControl "180+2"]
[Date "2023.06.27"]
[WhiteClock "0:00:52"]
[BlackClock "0:00:00"]
[Board "10"]

1. e4 c5 2. Nf3 Nf6 3. e5 Nd5 4. Nc3 Nxc3 5. dxc3 Nc6 6. Bc4 e6 7. O-O Qc7 8. Bf4 h6 9. h4 b6 10. Qe2 Bb7 11. Rad1 O-O-O 12. Ba6 Be7 13. Bxb7+ Qxb7 14. Bg3 g5 15. h5 Qc7 16. Qd3 g4 17. Nd2 d5 18. exd6 Bxd6 19. Bxd6 Rxd6 20. Qe2 Rhd8 21. Ne4 Rxd1 22. Rxd1 Rxd1+ 23. Qxd1 Qf4 24. Qe2 Kc7 25. a4 Qc1+ 26. Kh2 Qf4+ 27. g3 Qe5 28. Qe3 Qxh5+ 29. Kg1 Qe5 30. Qd3 f5 31. Nd2 Qd5 32. Qe3 Ne5 33. Kf1 Qh1+ 34. Ke2 Kd6 35. Qf4 Qd5 36. b3 Ke7 37. Qxh6 Nf7 38. Qe3 Qe5 39. Nc4 Qxe3+ 40. Kxe3 e5 41. a5 bxa5 42. Nxa5 Kd6 43. b4 Kd5 44. c4+ Kd6 45. Nb7+ Kc6 46. Nxc5 Nd6 47. Kd3 f4 48. Ne4 Nf5 49. b5+ Kb6 50. c3 a6 51. bxa6 Kxa6 52. c5 Ka7 53. Kc4 1-0


[Site "https://www.chess.com"]

[Event "Titled Tuesday Blitz June 27 Late 2023"]
[White "Andreikin, Dmitry"]
[Black "Haydon, David L"]
[WhiteFideId "4158814"]
[BlackFideId "415405"]
[WhiteElo "3022"]
[BlackElo "2807"]
[Result "1/2-1/2"]
[Round "6"]
[TimeControl "180+2"]
[Date "2023.06.27"]
[WhiteClock "0:00:06"]
[BlackClock "0:00:58"]
[Board "11"]

1. e4 c6 2. d4 d5 3. e5 Bf5 4. g4 Bc8 5. Be3 e6 6. Nd2 c5 7. dxc5 Qc7 8. c4 Bxc5 9. Bxc5 Qxc5 10. Ngf3 Nc6 11. Rc1 Nge7 12. cxd5 Qxd5 13. Nc4 O-O 14. Be2 Rd8 15. Qc2 Nd4 16. Qc3 Nec6 17. Ncd2 Nxe5 18. Qxd4 Qxd4 19. Nxd4 Rxd4 20. Rc7 Bd7 21. Nf3 Nxf3+ 22. Bxf3 Rc8 23. Rxb7 g5 24. O-O a6 25. h3 Bb5 26. Rb1 Rc2 27. a4 Bxa4 28. Bd1 Rcd2 29. Bxa4 Rxa4 30. Kg2 Rf4 31. Rf1 a5 32. b3 a4 33. bxa4 Rxa4 34. Rb3 Rf4 35. Rf3 Rxf3 36. Kxf3 Rd3+ 37. Kg2 h6 38. Ra1 Kg7 39. Ra7 Kg6 40. Rb7 Rd5 41. Ra7 Rd8 42. Rb7 Rf8 43. Ra7 h5 44. Rb7 hxg4 45. hxg4 Kf6 46. Ra7 Rd8 47. Rb7 Rd4 48. f3 Rd2+ 49. Kg3 Kg6 50. Ra7 f5 51. gxf5+ exf5 52. Ra6+ Kh5 53. Ra3 f4+ 54. Kh3 Re2 55. Ra5 Rf2 56. Rxg5+ Kxg5 1/2-1/2


[Site "https://www.chess.com"]

[Event "Titled Tuesday Blitz June 27 Late 2023"]
[White "Ohanyan, Emin"]
[Black "Grischuk, Alexander"]
[WhiteFideId "13312022"]
[BlackFideId "4126025"]
[WhiteElo "2795"]
[BlackElo "3018"]
[Result "0-1"]
[Round "6"]
[TimeControl "180+2"]
[Date "2023.06.27"]
[WhiteClock "0:00:03"]
[BlackClock "0:01:32"]
[Board "12"]

1. d4 Nf6 2. c4 e6 3. Nf3 Bb4+ 4. Bd2 Bxd2+ 5. Qxd2 O-O 6. Nc3 d5 7. e3 b6 8. Rc1 Bb7 9. cxd5 Nxd5 10. Nxd5 Qxd5 11. Rxc7 Bc6 12. Bd3 Qd6 13. Rxc6 Nxc6 14. O-O Rac8 15. Bb1 Rfd8 16. Qd3 g6 17. Rd1 e5 18. d5 Nb4 19. Qf1 Nxd5 20. Be4 Qc5 0-1


[Site "https://www.chess.com"]

[Event "Titled Tuesday Blitz June 27 Late 2023"]
[White "Terry, Renato"]
[Black "Kushko, Dmitriy"]
[WhiteFideId "3803457"]
[BlackFideId "14162261"]
[WhiteElo "3004"]
[BlackElo "2792"]
[Result "1-0"]
[Round "6"]
[TimeControl "180+2"]
[Date "2023.06.27"]
[WhiteClock "0:00:19"]
[BlackClock "0:00:07"]
[Board "13"]

1. e4 c6 2. Nf3 d5 3. exd5 cxd5 4. Ne5 a6 5. d4 Nc6 6. c3 Nxe5 7. dxe5 Bf5 8. Nd2 e6 9. Nf3 Bc5 10. Bd3 Ne7 11. Bg5 Bxd3 12. Qxd3 h6 13. Be3 Qb6 14. Bxc5 Qxc5 15. O-O O-O 16. Rfe1 b5 17. a3 a5 18. b4 Qc4 19. Qxc4 dxc4 20. Nd4 Rfb8 21. Rec1 Ra6 22. Rab1 axb4 23. Rxb4 Rxa3 24. Rxb5 Rxb5 25. Nxb5 Ra5 26. Nd6 Rxe5 27. Nxc4 Rc5 28. Nd2 f6 29. Kf1 Kf7 30. c4 e5 31. g4 f5 32. gxf5 Nxf5 33. Ne4 Rc6 34. Ke2 Nd6 35. Nxd6+ Rxd6 36. c5 Rc6 37. Ke3 Ke6 38. Ke4 Ra6 39. c6 Ra4+ 40. Kf3 Ra8 41. c7 Rc8 42. Ke4 Kd6 43. Kf5 Rxc7 44. Rxc7 Kxc7 45. Kg6 Kd6 46. Kxg7 h5 47. Kg6 h4 48. Kg5 h3 49. Kg4 Ke6 50. f3 Kf6 51. Kxh3 Kf5 52. Kg3 e4 53. fxe4+ Kxe4 54. Kg4 Ke5 55. Kg5 Ke6 56. Kg6 Ke7 57. Kg7 Ke6 58. h4 1-0


[Site "https://www.chess.com"]

[Event "Titled Tuesday Blitz June 27 Late 2023"]
[White "Cruz, Jonathan"]
[Black "Galperin, Platon"]
[WhiteFideId "3802124"]
[BlackFideId "14165414"]
[WhiteElo "2772"]
[BlackElo "2994"]
[Result "1-0"]
[Round "6"]
[TimeControl "180+2"]
[Date "2023.06.27"]
[WhiteClock "0:00:04"]
[BlackClock "0:00:00"]
[Board "14"]

1. Nf3 Nf6 2. g3 g6 3. Bg2 Bg7 4. O-O O-O 5. c4 d6 6. Nc3 Re8 7. d3 e5 8. Rb1 a5 9. a3 Nc6 10. b4 axb4 11. axb4 e4 12. Ng5 exd3 13. exd3 Bg4 14. f3 Bf5 15. Nge4 Nd7 16. Nd5 Be6 17. Bg5 f6 18. Bd2 f5 19. Bg5 Qb8 20. Nef6+ Nxf6 21. Nxf6+ Bxf6 22. Bxf6 Qa7+ 23. Kh1 Nd4 24. Qc1 Rf8 25. Bg5 Qa2 26. Qe3 Qa7 27. Qd2 Bf7 28. b5 Qc5 29. Be3 Rfe8 30. Qf2 Rxe3 31. Qxe3 Re8 32. Qg1 d5 33. Rbc1 Qb6 34. c5 Qf6 35. b6 cxb6 36. cxb6 Qxb6 37. Rb1 Qa7 38. Ra1 Qc5 39. Rfc1 Qb4 40. Rab1 Qa4 41. Ra1 Qb4 42. Rcb1 Qc3 43. Rxb7 Nc2 44. Rc1 1-0


[Site "https://www.chess.com"]

[Event "Titled Tuesday Blitz June 27 Late 2023"]
[White "Korobov, Anton"]
[Black "Preotu, Razvan"]
[WhiteFideId "14105730"]
[BlackFideId "2613280"]
[WhiteElo "2980"]
[BlackElo "2762"]
[Result "1-0"]
[Round "6"]
[TimeControl "180+2"]
[Date "2023.06.27"]
[WhiteClock "0:00:16"]
[BlackClock "0:00:00"]
[Board "15"]

1. d4 Nf6 2. c4 g6 3. Nc3 d5 4. cxd5 Nxd5 5. e4 Nxc3 6. bxc3 Bg7 7. Bc4 c5 8. Ne2 Nc6 9. Be3 O-O 10. O-O b6 11. Rb1 Bb7 12. h4 Na5 13. Bd3 cxd4 14. cxd4 e6 15. h5 Qh4 16. g3 Qxh5 17. Qd2 Qf3 18. Nc3 Rac8 19. Be2 Qf6 20. Rb4 Rfd8 21. Rd1 Nc6 22. Ra4 Nxd4 23. Rxd4 Rxd4 24. Bxd4 Qxd4 25. Qxd4 Bxd4 26. Rxd4 Rxc3 27. f3 Rc2 28. Bb5 Rxa2 29. Rd8+ Kg7 30. Be8 Kf8 31. Bb5+ Kg7 32. Be8 Rc2 33. Bxf7 Kxf7 34. Rd7+ Kf6 35. Rxb7 Ra2 36. Rxh7 a5 37. Rb7 Rb2 38. f4 a4 39. Ra7 b5 40. Ra6 g5 41. f5 Ke7 42. Rxe6+ Kf7 43. Ra6 Rb3 44. e5 a3 45. Ra7+ Kf8 46. e6 Rf3 47. g4 b4 48. Kg2 Rf4 49. Kg3 Ke8 50. Kh3 Kf8 51. Kg3 Ke8 52. Kh3 Rf3+ 53. Kg2 Rf4 54. Kg3 Kf8 55. Kh3 Rf2 56. Kg3 Re2 57. Kf3 Re5 58. Ra4 Rb5 59. f6 Rb8 60. Ra7 b3 61. Rh7 Kg8 62. e7 Kxh7 63. f7 b2 64. f8=Q Rxf8+ 65. exf8=Q b1=Q 66. Qf7+ Kh6 67. Qh5+ Kg7 68. Qxg5+ Kf7 69. Qf4+ Ke6 70. Qe3+ Kd5 71. Qxa3 Qf1+ 72. Kg3 Qg1+ 73. Kh4 Qh2+ 74. Qh3 1-0


[Site "https://www.chess.com"]

[Event "Titled Tuesday Blitz June 27 Late 2023"]
[White "Morefield, Jason"]
[Black "Yoo, Christopher Woojin"]
[WhiteFideId "30920825"]
[BlackFideId "30909694"]
[WhiteElo "2768"]
[BlackElo "2977"]
[Result "0-1"]
[Round "6"]
[TimeControl "180+2"]
[Date "2023.06.27"]
[WhiteClock "0:00:00"]
[BlackClock "0:00:31"]
[Board "16"]

1. e4 c6 2. Nf3 d5 3. Nc3 Bg4 4. h3 Bxf3 5. Qxf3 e6 6. Be2 Nf6 7. O-O Be7 8. Rd1 d4 9. Nb1 O-O 10. d3 c5 11. Nd2 Nc6 12. g3 Qc7 13. Rf1 b5 14. Qg2 e5 15. f4 Nb4 16. Bd1 c4 17. a3 cxd3 18. axb4 dxc2 19. Be2 Bxb4 20. Nf3 Nxe4 21. Nxe5 Nd2 22. Nd3 Nxf1 23. Bxf1 Bd6 24. Bd2 a5 25. Rc1 Rfc8 26. Ne1 Qb6 27. Bd3 b4 28. Rxc2 b3 29. Rc4 a4 30. Qe4 g6 31. Nf3 a3 32. bxa3 b2 33. Rxc8+ Rxc8 34. Bb1 Rc1+ 35. Kg2 Qb5 36. Ne1 Rxb1 37. Qxb1 Qe2+ 38. Kh1 Qxd2 39. Nd3 Bxa3 40. Kg1 Qc1+ 0-1


[Site "https://www.chess.com"]

[Event "Titled Tuesday Blitz June 27 Late 2023"]
[White "Sanal, Vahap"]
[Black "Aradhya, Garg"]
[WhiteFideId "6300545"]
[BlackFideId "25006746"]
[WhiteElo "2977"]
[BlackElo "2754"]
[Result "1/2-1/2"]
[Round "6"]
[TimeControl "180+2"]
[Date "2023.06.27"]
[WhiteClock "0:00:30"]
[BlackClock "0:00:08"]
[Board "17"]

1. Nf3 d5 2. b3 Nf6 3. Bb2 Bf5 4. d3 e6 5. Nbd2 Nc6 6. g3 d4 7. Bg2 Bc5 8. O-O O-O 9. a3 a5 10. b4 axb4 11. axb4 Rxa1 12. Qxa1 Bxb4 13. Nc4 Bc5 14. Nfe5 Nxe5 15. Nxe5 c6 16. Nf3 e5 17. Nxe5 Re8 18. Nf3 Rxe2 19. Bxd4 Rxc2 20. Qb1 Bxd3 21. Bxc5 Rxc5 22. Rd1 Rd5 23. Qxb7 Be2 24. Rxd5 cxd5 25. Ne5 Bh5 26. Nc6 Qe8 27. Ne7+ Kf8 28. Nxd5 Nxd5 29. Bxd5 Bg6 30. Kg2 Kg8 31. h4 h5 32. Qb4 Kh7 33. Bf3 Qe5 34. Qc4 Qf5 35. Qd4 Qe6 36. Qc5 Qf5 37. Qxf5 Bxf5 38. Bxh5 f6 39. Kf3 g5 40. Bg4 Bb1 41. Ke3 gxh4 42. gxh4 Kh6 43. Kd4 Bg6 44. Kd5 Kg7 45. Kd6 f5 46. Bf3 Kf6 47. Kd5 Bf7+ 48. Kd4 Bg6 49. Be2 Bf7 50. Bd1 Be8 51. Bb3 Bh5 52. Bc4 Bg4 53. Ke3 Bh5 54. Kf4 Bd1 55. Bd3 Bg4 56. Bc2 Kg6 57. Ba4 Kh5 58. Bd7 Kxh4 59. Bxf5 Bh5 60. Be4 Bg4 61. Ke5 Kg5 62. f4+ Kh6 63. Kf6 Bd1 64. Bd3 Bg4 65. Bc2 Bh3 66. Bf5 Bf1 67. Bg4 Bd3 68. Bd1 Be4 69. Bg4 Bd3 70. Bh3 Be4 71. Ke5 Bd3 72. Bf5 Bf1 73. Bb1 Kg7 74. f5 Bh3 75. f6+ Kf8 76. Bg6 Bd7 77. Kd6 Ba4 78. Kc7 Bb3 79. Kb6 Bc2 80. Bh5 Bd1 81. Bxd1 Kf7 82. Bb3+ Kxf6 1/2-1/2


[Site "https://www.chess.com"]

[Event "Titled Tuesday Blitz June 27 Late 2023"]
[White "Mahdavi, Reza"]
[Black "Rasulov, Vugar"]
[WhiteFideId "12595926"]
[BlackFideId "13402390"]
[WhiteElo "2752"]
[BlackElo "2933"]
[Result "0-1"]
[Round "6"]
[TimeControl "180+2"]
[Date "2023.06.27"]
[WhiteClock "0:00:00"]
[BlackClock "0:00:04"]
[Board "18"]

1. e4 c5 2. Nf3 e6 3. d4 cxd4 4. Nxd4 a6 5. Nc3 Nc6 6. Be3 Nf6 7. g4 Bb4 8. Nxc6 bxc6 9. g5 Nxe4 10. Qd4 Nxc3 11. Qxg7 Nd5+ 12. c3 Rf8 13. cxb4 Nxe3 14. fxe3 a5 15. b5 cxb5 16. Bg2 Ra7 17. O-O d5 18. Rac1 Rc7 19. h4 Bd7 20. Qxh7 Rxc1 21. Rxc1 Qb6 22. Kf2 d4 23. Qe4 dxe3+ 24. Qxe3 Qd6 25. h5 Qb4 26. Rd1 Rg8 27. Qd3 Qe7 28. g6 fxg6 29. h6 Qc5+ 30. Ke1 Qe5+ 31. Kf2 Qc5+ 32. Ke1 Qe5+ 33. Kf2 Rf8+ 34. Kg1 Rf7 35. Qxg6 Qe3+ 36. Kh1 Qf4 37. Qh5 Qf5 38. Qh2 Rh7 39. Qb8+ Ke7 40. Qd6+ Kf6 41. Qh2 Qg5 42. Rf1+ Ke7 43. Bh3 Rxh6 44. Rg1 Bc6+ 0-1


[Site "https://www.chess.com"]

[Event "Titled Tuesday Blitz June 27 Late 2023"]
[White "Durarbayli, Vasif"]
[Black "Makridis, Dimitrios"]
[WhiteFideId "13402935"]
[BlackFideId "25864475"]
[WhiteElo "2923"]
[BlackElo "2731"]
[Result "0-1"]
[Round "6"]
[TimeControl "180+2"]
[Date "2023.06.27"]
[WhiteClock "0:00:00"]
[BlackClock "0:00:07"]
[Board "19"]

1. e4 c5 2. Nf3 Nf6 3. e5 Nd5 4. Nc3 e6 5. Ne4 Nc6 6. Bb5 Qc7 7. Bxc6 Qxc6 8. O-O f5 9. exf6 Nxf6 10. Nxf6+ gxf6 11. d4 b6 12. c4 Bb7 13. d5 exd5 14. Re1+ Kd8 15. cxd5 Qxd5 16. Qe2 Rg8 17. Bf4 Bd6 18. Bg3 Bxg3 19. hxg3 Kc7 20. Qe7 Bc6 21. Rad1 Qf5 22. Nh4 Qg5 23. Qd6+ Kb7 24. Re7 Rg7 25. Rxg7 Qxg7 26. Nf5 Qg4 27. Ne7 Re8 28. f3 Qe6 29. Nxc6 Qe3+ 30. Kh2 Qh6+ 31. Kg1 Qe3+ 32. Kh2 dxc6 33. Qxf6 Re6 34. Qg7+ Ka6 35. f4 Qe2 36. Qf7 Rh6+ 0-1


[Site "https://www.chess.com"]

[Event "Titled Tuesday Blitz June 27 Late 2023"]
[White "Suleymanli, Aydin"]
[Black "Mihajlov, Sebastian"]
[WhiteFideId "13413937"]
[BlackFideId "1512110"]
[WhiteElo "2905"]
[BlackElo "2721"]
[Result "0-1"]
[Round "6"]
[TimeControl "180+2"]
[Date "2023.06.27"]
[WhiteClock "0:00:01"]
[BlackClock "0:00:15"]
[Board "20"]

1. e4 e6 2. d3 d5 3. Nd2 Nc6 4. Ngf3 e5 5. g3 f6 6. exd5 Qxd5 7. Bg2 Be6 8. O-O Qd7 9. a4 a5 10. Nc4 Bc5 11. Be3 Bxe3 12. fxe3 Nge7 13. Nh4 O-O 14. b3 Rad8 15. Qe1 b6 16. Rf2 Nb4 17. Qc3 Ned5 18. Qd2 Ne7 19. Qc3 Ned5 20. Qb2 Ne7 21. Raf1 Bh3 22. e4 Bxg2 23. Kxg2 Qe6 24. Ne3 Nbc6 25. Qc3 Nd4 26. h3 Qc6 27. Qb2 Qe6 28. Kh2 Rd6 29. g4 h6 30. Nhf5 Nexf5 31. gxf5 Qf7 32. Rg1 Rfd8 33. Rg3 R8d7 34. Qc1 Kf8 35. Qg1 Ke8 36. Rg6 Rc6 37. Qg2 Kf8 38. Nc4 Rc5 39. Qg4 Re7 40. Ne3 Rd7 41. Qg2 c6 42. Nf1 b5 43. Ng3 bxa4 44. bxa4 Rb7 45. Nh5 Rb2 46. Rxg7 Qxh5 47. Rg8+ Ke7 48. Rg7+ Kf8 49. Rg8+ Ke7 50. Rg7+ Kd6 51. Rg6 Rcxc2 52. Rxf6+ Kc5 53. Rxc6+ Kxc6 54. Kh1 Rxf2 55. Qxf2 0-1


[Site "https://www.chess.com"]